 Dungeon Crawl Stone Soup version 0.27-a0-1065-ge809cff456 (webtiles) character file.

Game seed: 762740239891273456

61 BritishOli the Sneak (level 3, -1/29 HPs)
             Began as a Demonspawn Delver on Apr 22, 2021.
             Slain by Natasha (6 damage)
             ... on level 2 of the Dungeon.
             The game lasted 00:02:23 (1642 turns).

BritishOli the Sneak (Demonspawn Delver)            Turns: 1642, Time: 00:02:24

Health: -1/29      AC:  5    Str: 13    XL:     3   Next: 83%
Magic:  3/3        EV: 12    Int: 11    God:
Gold:   42         SH:  0    Dex: 14    Spells: 2/2 levels left

rFire    . . .     SeeInvis .   a - +0 falchion
rCold    . . .     Faith    .   (no shield)
rNeg     . . .     Spirit   .   b - +0 leather armour
rPois    .         Reflect  .   (no helmet)
rElec    .         Harm     .   (no cloak)
rCorr    .         Rampage  .   h - +1 pair of gloves
Will     .....                  (no boots)
Stlth    ++........             (no amulet)
HPRegen  0.09/turn              (no ring)
MPRegen  0.08/turn              (no ring)

@: no status effects
A: hooves 1
a: no special abilities


You were on level 2 of the Dungeon.
You visited 1 branch of the dungeon, and saw 5 of its levels.

You collected 42 gold pieces.

Inventory:

Hand Weapons
 a - a +0 falchion (weapon)
Missiles
 k - 2 atropa-tipped darts (quivered)
Armour
 b - a +0 leather armour (worn)
 h - a +1 pair of gloves (worn)
Wands
 g - a wand of digging (3)
Scrolls
 c - a scroll of fog
 d - a scroll of magic mapping
 e - a scroll of fear
 i - a scroll of noise {unknown}
 j - a scroll of torment {unknown}
 l - 3 scrolls of identify {unknown}
 m - a scroll of teleportation {unknown}
 o - a scroll of enchant weapon {unknown}
Potions
 f - a potion of haste
 n - a potion of flight {unknown}


   Skills:
 + Level 3.3 Fighting
 * Level 2.8 Long Blades
 + Level 1.1 Armour
 + Level 2.3 Dodging
 - Level 4.5 Stealth


You had 2 spell levels left.
You didn't know any spells.
Your spell library contained the following spells:

 Spells                   Type           Power      Damage    Failure   Level
 Corona                   Hex            0%         N/A       41%         1
 Ensorcelled Hibernation  Hex/Ice        0%         N/A       56%         2
 Confusing Touch          Hex            0%         N/A       80%         3
 Dazzling Flash           Conj/Hex       0%         N/A       80%         3
 Tukima's Dance           Hex            0%         N/A       80%         3


Dungeon Overview and Level Annotations

Branches:
Dungeon (5/15)
 Temple: D:4-7

Altars:
Yredelemnul

Annotations:
D:2 Natasha
D:5 3 runed translucent doors, celly00's ghost, novice NaVM


Innate Abilities, Weirdness & Mutations

You have large cloven feet.


Message History

Natasha is nearby!
Your leather armour prevents you from hitting Natasha.
Natasha misses you.
You riposte.
You hit Natasha. Your kick misses Natasha.
Natasha is lightly wounded.
Natasha casts a spell at you. The magic dart hits you.
Natasha is nearby!
You closely miss Natasha. Your kick misses Natasha.
Natasha is lightly wounded.
Natasha barely misses you.
Natasha is nearby!
You hit Natasha but do no damage. You kick Natasha.
Natasha is moderately wounded.
Natasha claws you.
Natasha is nearby!
Natasha is nearby!
You are too injured to fight recklessly!
Natasha is nearby!
You are too injured to fight recklessly!
You hit Natasha but do no damage. Your kick misses Natasha.
Natasha is moderately wounded.
Natasha mumbles some strange words.
You hit Natasha.
Natasha is moderately wounded.
Natasha closely misses you.
You riposte.
You barely miss Natasha.
Natasha is moderately wounded.
You hit Natasha.
Natasha is severely wounded.
The iron imp hits you.
* * * LOW HITPOINT WARNING * * *
Natasha barely misses you.
You hit Natasha. Your kick misses Natasha.
Natasha is almost dead.
Natasha howls an incantation.
Natasha shimmers violently.
Natasha closely misses you. The iron imp barely misses you.
You riposte.
You hit the iron imp.
The iron imp is lightly wounded.
Natasha claws you.
You die...

.... #...†.........
....##............(
#.........#..... ####
#.........#..... ...
#.........####..
#####.###.........####..
........................
......5)######....####..
.......@# #<...# ###
.......h# #....#
........# ####....######
.....>... ..............
........# ##........####
........# #........####
........# #............
######### ############.
#.


You could see an iron imp (summoned) and Natasha.

Vanquished Creatures
  3 dart slugs
  An orc (D:3)
  2 bats
  5 endoplasms
  3 giant cockroaches
  6 hobgoblins
  6 jackals (D:1)
  5 quokkas
  4 ball pythons
  4 frilled lizards (D:1)
  3 goblins
  2 kobolds (D:1)
  2 rats (D:1)
46 creatures vanquished.

Vanquished Creatures (others)
  A plant (D:1)
1 creature vanquished.

Grand Total: 47 creatures vanquished

Notes
Turn   | Place    | Note
-------+----------+-------------------------------------------
     0 | D:5      | BritishOli the Demonspawn Delver began the quest for the
                  | Orb.
     0 | D:5      | Reached XP level 1. HP: 18/18 MP: 1/1
    17 | D:5      | Found a runed translucent gate.
    33 | D:5      | Found a runed translucent gate.
    33 | D:5      | Found a runed translucent gate.
    34 | D:5      | Noticed celly00's ghost (novice NaVM)
    41 | D:5      | Noticed an iguana
    43 | D:5      | Noticed a hound
    56 | D:5      | Noticed an orc priest
   247 | D:3      | Gained mutation: You have large cloven feet. [demonic
                  | ancestry]
   247 | D:3      | Reached XP level 2. HP: 24/24 MP: 2/2
   327 | D:2      | Found a basalt altar of Yredelemnul.
   522 | D:1      | Reached XP level 3. HP: 24/29 MP: 3/3
   785 | D:1      | Found a faded altar of an unknown god.
   795 | D:1      | Reached skill level 1 in Armour
  1631 | D:2      | Noticed Natasha
  1642 | D:2      | Slain by Natasha

Illustrated notes

Levels and vault maps discovered:
D:1:      tarquinn_simple_flora_water_e, layout_loops_ring,
          ebering_ecumenical_altar_sacrificial, minmay_stone_trees_small,
          kennysheep_doodads, grunt_decor_cap, minmay_bisected
D:2:      layout_basic, basic_altar, uniq_natasha
D:3:      layout_loops_ring
D:4:      layout_gridville, uniq_duvessa, uniq_grinder, uniq_menkaure
D:5:      layout_cave_pools, gammafunk_temple_overflow_elements,
          minmay_temple_entry_butterflies, ebering_ghost_rock_garden,
          nicolae_underground_beach

Skill      XL: |  1  2  3 |
---------------+----------+-----
Long Blades    | 2 |  2.8
Dodging        | 2 |  2.3
Armour         | 1 |  1.1
Fighting       | |  3.3
Stealth        | |  4.5

Action                   || total
-------------------------++-------
Melee: Falchion          ||   124
       Kick              ||    23
 Stab: Sleeping          ||     6
Armor: Leather armour    ||    27
Dodge: Dodged            ||    92
       Rpst.: Falchion   ||    27

Table legend: (Time is in decaauts)
 A = Elapsed time spent in this place.
 B = Non-inter-level travel time spent in this place.
 C = Inter-level travel time spent in this place.
 D = Time resting spent in this place.
 E = Time spent auto-exploring this place.
 F = Levels seen in this place.
 G = Mean time per level.
                   A        B        C        D        E       F      G
               +--------+--------+--------+--------+--------+-----+--------+
         Total |   1663 |   1614 |     49 |      0 |   1289 |   5 |  332.6 |
       Dungeon |   1663 |   1614 |     49 |      0 |   1289 |   5 |  332.6 |
               +--------+--------+--------+--------+--------+-----+--------+

Top non-repeatable levels by time:
     D:1: 1002 daAuts
     D:2: 372 daAuts
     D:3: 218 daAuts
     D:5: 62 daAuts
     D:4: 8 daAuts
